[Event "ICC tourney 2077 (75 10)"]
[Site "Internet Chess Club"]
[Date "2020.10.25"]
[Round "4"]
[White "arsenicblast"]
[Black "jy2020"]
[Result "0-1"]
[ICCResult "White checkmated"]
[WhiteElo "2000"]
[BlackElo "2229"]
[Opening "Sicilian: Najdorf"]
[ECO "B90"]
[NIC "SI.14"]
[Time "11:02:28"]
[PlyCount "102"]
[TimeControl "4500+10"]

1. e4 c5 2. Nf3 d6 3. d4 cxd4 4. Nxd4 Nf6 5. Nc3 a6 6. f3 e5 7. Nb3 Be6 8.
Be3 h5 9. Qd2 Nbd7 10. O-O-O Rc8 11. Kb1 Be7 12. g3 b5 13. Nd5 Bxd5 14.
exd5 Nb6 15. Bxb6 Qxb6 16. Bg2 h4 17. f4 h3 18. Bf3 e4 19. Be2 Kf8 20. g4
Nd7 21. g5 f5 22. Nd4 g6 23. Nc6 Nb8 24. Nxe7 Kxe7 25. c4 b4 26. b3 Nd7 27.
Rdf1 Kf7 28. Rhg1 a5 29. Rg3 Rh4 30. Qe3 Qxe3 31. Rxe3 Nc5 32. Kb2 a4 33.
Kc2 Ra8 34. Kb2 axb3 35. axb3 Ra3 36. Rg3 Rh8 37. Ra1 Rxa1 38. Kxa1 Rh4 39.
Kb2 Rxf4 40. Rxh3 Rf2 41. Rh7+ Kg8 42. Ra7 Rxe2+ 43. Kb1 Rg2 44. h4 e3 45.
Ra8+ Kf7 46. Ra7+ Kf8 47. Ra8+ Ke7 48. Ra7+ Nd7 49. Kc1 f4 50. Kd1 f3 51.
Ke1 Rg1# { White checkmated } 0-1

[Event "ICC tourney 2077 (75 10)"]
[Site "Internet Chess Club"]
[Date "2020.10.25"]
[Round "4"]
[White "PawnEatingZombi"]
[Black "DonaldJ"]
[Result "1/2-1/2"]
[ICCResult "Game drawn by mutual agreement"]
[WhiteElo "2222"]
[BlackElo "2063"]
[Opening "Grünfeld: exchange variation"]
[ECO "D85"]
[NIC "GI.04"]
[Time "11:03:14"]
[PlyCount "93"]
[TimeControl "4500+10"]

1. d4 Nf6 2. c4 g6 3. Nc3 d5 4. cxd5 Nxd5 5. e4 Nxc3 6. bxc3 Bg7 7. Bg5 c5
8. Rc1 O-O 9. d5 Qd6 10. Nf3 e6 11. Be2 exd5 12. exd5 Nd7 13. O-O Ne5 14.
Re1 Nxf3+ 15. Bxf3 c4 16. Be7 Qd7 17. Bxf8 Bxf8 18. d6 a5 19. Bd5 Ra6 20.
Bxc4 b5 21. Bf1 Rxd6 22. Qb3 Ba6 23. Rcd1 a4 24. Qb1 Qc6 25. Rxd6 Bxd6 26.
Qd3 Bc5 27. Qd8+ Kg7 28. Re8 h5 29. Re1 Bb6 30. Qe7 Bc7 31. Qe3 Kh7 32. Rd1
Bc8 33. Qd3 Bg4 34. Rd2 Qf6 35. Rb2 Be5 36. Rxb5 Bxc3 37. Rd5 Be6 38. Rxh5+
Kg7 39. Rd5 Bxd5 40. Qxd5 Bd4 41. Qf3 Qxf3 42. gxf3 f5 43. Bc4 Kf6 44. f4
Bc5 45. Kg2 Bd4 46. Kf3 Bc5 47. h3 { Game drawn by mutual agreement }
1/2-1/2

[Event "ICC tourney 2077 (75 10)"]
[Site "Internet Chess Club"]
[Date "2020.10.25"]
[Round "4"]
[White "WonderZ"]
[Black "CARTERD253"]
[Result "1-0"]
[ICCResult "Black resigns"]
[WhiteElo "2122"]
[BlackElo "2141"]
[Opening "QGD: semi-Slav, Marshall gambit"]
[ECO "D31"]
[NIC "SL.06"]
[Time "11:02:28"]
[PlyCount "69"]
[TimeControl "4500+10"]

1. d4 d5 2. c4 e6 3. Nc3 c6 4. e4 dxe4 5. Nxe4 Bb4+ 6. Bd2 Qxd4 7. Bxb4
Qxe4+ 8. Be2 c5 9. Bxc5 Qxg2 10. Bf3 Qg5 11. Ba3 Qa5+ 12. Kf1 Ne7 13. Ne2
Nbc6 14. Rg1 g6 15. Nc3 f5 16. Nb5 Kf7 17. Qe2 Rd8 18. Re1 Qd2 19. Kg2 Qxe2
20. Rxe2 a6 21. Nd6+ Kf6 22. Rd1 e5 23. Bd5 Nxd5 24. cxd5 Nd4 25. Rxd4 exd4
26. Ne8+ Rxe8 27. Rxe8 b5 28. f4 a5 29. Bc5 d3 30. Kf2 b4 31. Ke3 Kf7 32.
Re7+ Kg8 33. d6 Ba6 34. d7 Bb5 35. Bb6 { Black resigns } 1-0

[Event "ICC tourney 2077 (75 10)"]
[Site "Internet Chess Club"]
[Date "2020.10.25"]
[Round "4"]
[White "investigator"]
[Black "SkyAngel"]
[Result "1-0"]
[ICCResult "Black resigns"]
[WhiteElo "2120"]
[BlackElo "2151"]
[Opening "English opening: Agincourt variation"]
[ECO "A13"]
[NIC "EO.64"]
[Time "11:02:37"]
[PlyCount "123"]
[TimeControl "4500+10"]

1. c4 e6 2. Nf3 d5 3. d4 c6 4. g3 dxc4 5. Bg2 b5 6. Ne5 Bb7 7. O-O Nf6 8.
b3 cxb3 9. axb3 Bd6 10. Nc3 a6 11. Bb2 O-O 12. Qc2 Qb6 13. Nd3 Nbd7 14. Ne4
Nxe4 15. Bxe4 Nf6 16. Bg2 Rac8 17. Rfc1 Nd7 18. Nc5 Bxc5 19. dxc5 Qd8 20.
Rd1 Qe7 21. Rd6 Rfd8 22. Rad1 Nf8 23. Qc3 f6 24. Qa5 Rxd6 25. Rxd6 Qc7 26.
Qd2 a5 27. g4 b4 28. g5 Qf7 29. gxf6 gxf6 30. Qf4 Kg7 31. Qg5+ Ng6 32.
Qxf6+ Qxf6 33. Rd7+ Kf8 34. Bxf6 Ba6 35. Rxh7 Nf4 36. Bf3 Kg8 37. Rh8+ Kf7
38. Rxc8 Bxc8 39. Be5 Nd5 40. Bxd5 exd5 41. Bc7 Ba6 42. Kf1 d4 43. Bxa5 d3
44. exd3 Bxd3+ 45. Kg2 Bc2 46. Bxb4 Bxb3 47. Kf3 Kg6 48. Kf4 Bd5 49. Ke5
Bf3 50. Bd2 Be2 51. f4 Bg4 52. h4 Be2 53. f5+ Kf7 54. Kf4 Bd3 55. Kg5 Bc4
56. h5 Bd5 57. h6 Kg8 58. Kg6 Bf7+ 59. Kf6 Bc4 60. Ke7 Bd5 61. f6 Bc4 62.
h7+ { Black resigns } 1-0

[Event "ICC tourney 2077 (75 10)"]
[Site "Internet Chess Club"]
[Date "2020.10.25"]
[Round "4"]
[White "dopolian"]
[Black "town"]
[Result "1-0"]
[ICCResult "Black resigns"]
[WhiteElo "2274"]
[BlackElo "2122"]
[Opening "Sicilian: Kan, Polugaievsky variation"]
[ECO "B42"]
[NIC "SI.42"]
[Time "11:02:46"]
[PlyCount "141"]
[TimeControl "4500+10"]

1. e4 c5 2. Nf3 e6 3. d4 cxd4 4. Nxd4 a6 5. Bd3 Bc5 6. Nb3 Ba7 7. O-O Nc6
8. c4 d6 9. Nc3 Nge7 10. Qe2 O-O 11. Rd1 Qc7 12. Be3 Bxe3 13. Qxe3 Bd7 14.
Rac1 Rad8 15. Nd5 exd5 16. cxd5 Rfe8 17. dxc6 Bxc6 18. Nd4 Qa5 19. a3 Qa4
20. Bc2 Qa5 21. b4 Qh5 22. Bb3 Bd7 23. Re1 Nc6 24. Nxc6 Bxc6 25. Qd4 Qe5
26. Rcd1 Qxd4 27. Rxd4 g5 28. f3 Kf8 29. Red1 Ke7 30. Kf2 Rd7 31. h4 h6 32.
hxg5 hxg5 33. Rh1 Red8 34. Rh6 d5 35. e5 a5 36. Rh5 f6 37. Rh7+ Ke6 38.
Rxd7 Rxd7 39. exf6 Kxf6 40. bxa5 Ke5 41. Rg4 Kf6 42. Ke3 Re7+ 43. Kd2 Re5
44. Rb4 d4 45. a6 Re7 46. Rxd4 Ke5 47. Rc4 Kd6 48. axb7 Rxb7 49. Bc2 Bd7
50. a4 Be6 51. Rd4+ Ke5 52. Re4+ Kd6 53. a5 Bf5 54. Rc4 Be6 55. Ra4 Kc5 56.
a6 Ra7 57. Bd3 Kd6 58. Ke3 Ke5 59. Ra5+ Kf6 60. Kd4 Rd7+ 61. Kc3 Ra7 62.
Kb4 g4 63. f4 Kg7 64. Kc5 Bc8 65. Kb6 Rf7 66. a7 Bb7 67. Rg5+ Kh6 68. Rxg4
Ba8 69. Rg8 Bd5 70. Rg6+ Kh5 71. Rg5+ { Black resigns } 1-0

[Event "ICC tourney 2077 (75 10)"]
[Site "Internet Chess Club"]
[Date "2020.10.25"]
[Round "4"]
[White "esrosenberg"]
[Black "CoolBoy2020"]
[Result "0-1"]
[ICCResult "White resigns"]
[WhiteElo "2117"]
[BlackElo "2229"]
[Opening "King's Indian: 5.Nf3"]
[ECO "E90"]
[NIC "KI.20"]
[Time "11:02:30"]
[PlyCount "126"]
[TimeControl "4500+10"]

1. Nf3 Nf6 2. c4 g6 3. Nc3 Bg7 4. e4 d6 5. d4 O-O 6. h3 e5 7. dxe5 dxe5 8.
Qxd8 Rxd8 9. Bg5 Re8 10. Nd5 Nxd5 11. cxd5 c6 12. Bc4 b5 13. Bb3 c5 14. a4
c4 15. Ba2 a6 16. O-O Nd7 17. Be3 Bf8 18. Bb1 Bb7 19. Rc1 Bc5 20. Bxc5 Nxc5
21. Nd2 Rec8 22. Bc2 Kf8 23. axb5 axb5 24. Rxa8 Rxa8 25. b3 c3 26. Nf3 b4
27. Nxe5 f6 28. Nd3 Nxd3 29. Bxd3 Ra3 30. Bc2 Ke7 31. f3 Kd6 32. Kf2 Ba6
33. Ke3 Kc5 34. h4 Ra2 35. g4 h6 36. f4 Bc8 37. g5 fxg5 38. fxg5 hxg5 39.
hxg5 Bd7 40. Kf4 Kd6 41. e5+ Kxd5 42. Bxg6 Rf2+ 43. Ke3 Rd2 44. Ra1 Kxe5
45. Ra5+ Kd6 46. Be4 Rd1 47. Bc2 Rg1 48. g6 Rg2 49. Ra2 Kc5 50. Bb1 Rg1 51.
Be4 Be6 52. Ra5+ Kd6 53. Rb5 Re1+ 54. Kd4 Rxe4+ 55. Kxe4 c2 56. Rb6+ Kd7
57. Rb7+ Kc6 58. Rxb4 c1=Q 59. Rd4 Qe1+ 60. Kf4 Qf2+ 61. Ke4 Bf5+ 62. Ke5
Qe3+ 63. Kxf5 Qxd4 { White resigns } 0-1

[Event "ICC tourney 2077 (75 10)"]
[Site "Internet Chess Club"]
[Date "2020.10.25"]
[Round "5"]
[White "investigator"]
[Black "Chessking2008"]
[Result "0-1"]
[ICCResult "White resigns"]
[WhiteElo "2107"]
[BlackElo "2202"]
[Opening "English, 1...Nf6 (Anglo-Indian defense)"]
[ECO "A15"]
[NIC "EO.64"]
[Time "14:31:44"]
[PlyCount "92"]
[TimeControl "4500+10"]

1. c4 Nf6 2. g3 e5 3. Bg2 d5 4. cxd5 Nxd5 5. Nc3 Nb6 6. Nf3 Nc6 7. O-O Be7
8. a3 a5 9. d3 Be6 10. Be3 O-O 11. Bxb6 cxb6 12. Nd2 f6 13. Nc4 Rb8 14. Ne3
Qd7 15. Ned5 Bc5 16. Qa4 Rfd8 17. b4 axb4 18. Nxb4 Ra8 19. Bxc6 bxc6 20.
Qxc6 Qxc6 21. Nxc6 Rdc8 22. Nb4 Bxb4 23. axb4 Rxa1 24. Rxa1 Rxc3 25. Ra6
Rc6 26. f3 Kf7 27. Ra7+ Kf8 28. Rb7 Bc8 29. Rb8 Ke7 30. Ra8 Kd7 31. Kf2 Kc7
32. Ke3 b5 33. Ra5 Ba6 34. Kd2 Kb6 35. h4 Rc8 36. Ra1 Bb7 37. g4 Ra8 38.
Rb1 Ra2+ 39. Ke3 Rc2 40. h5 h6 41. Rb3 Bd5 42. Rb1 Ba2 43. Rd1 Kc6 44. Rd2
Rxd2 45. Kxd2 f5 46. Ke3 Be6 { White resigns } 0-1

[Event "ICC tourney 2077 (75 10)"]
[Site "Internet Chess Club"]
[Date "2020.10.25"]
[Round "5"]
[White "TanitoluwaA"]
[Black "hollyelf"]
[Result "0-1"]
[ICCResult "White checkmated"]
[WhiteElo "1956"]
[BlackElo "2064"]
[Opening "Queen's pawn, Mason variation, Steinitz counter-gambit"]
[ECO "D00"]
[NIC "QP.08"]
[Time "14:31:33"]
[PlyCount "90"]
[TimeControl "4500+10"]

1. d4 d5 2. Bf4 c5 3. e3 Nf6 4. Nc3 a6 5. dxc5 Nc6 6. Nf3 Bg4 7. a3 e5 8.
Bg5 e4 9. Bxf6 gxf6 10. h3 Be6 11. Nd4 Bxc5 12. Nxe6 fxe6 13. Qh5+ Ke7 14.
Nxe4 Bxe3 15. fxe3 dxe4 16. c3 Qd5 17. Qg4 Rag8 18. Qf4 Rd8 19. Qf2 Rd7 20.
Be2 Qd2+ 21. Kf1 Qxb2 22. Re1 Qxc3 23. g3 Rd5 24. g4 Rd2 25. Kg2 Ne5 26.
Qf4 Nd3 27. Qxe4 Nxe1+ 28. Rxe1 Qc6 29. Qxc6 bxc6 30. Kf3 Ra2 31. Bxa6 Rxa3
32. Bc4 Rc3 33. Be2 h5 34. Kf4 e5+ 35. Ke4 hxg4 36. Bxg4 Rf8 37. Bf5 Rb8
38. Rd1 Rb4+ 39. Kf3 Rf4+ 40. Ke2 Rxf5 41. Rb1 Rh5 42. Rb7+ Ke6 43. e4
Rhxh3 44. Rb6 Rh2+ 45. Ke1 Rc1# { White checkmated } 0-1

[Event "ICC tourney 2077 (75 10)"]
[Site "Internet Chess Club"]
[Date "2020.10.25"]
[Round "5"]
[White "town"]
[Black "savchess06"]
[Result "1-0"]
[ICCResult "Black checkmated"]
[WhiteElo "2135"]
[BlackElo "2052"]
[Opening "Sicilian: Taimanov variation"]
[ECO "B45"]
[NIC "SI.39"]
[Time "14:31:34"]
[PlyCount "73"]
[TimeControl "4500+10"]

1. e4 c5 2. Nf3 e6 3. d4 cxd4 4. Nxd4 Nc6 5. Nc3 Nf6 6. Ndb5 Bc5 7. Nd6+
Ke7 8. Bf4 e5 9. Nf5+ Kf8 10. Bg5 d6 11. Ne3 Be6 12. Bd3 a6 13. O-O b5 14.
Ncd5 h6 15. Bxf6 gxf6 16. Qf3 Kg7 17. c3 h5 18. Kh1 Rh6 19. Nf5+ Bxf5 20.
exf5 Ne7 21. Nxe7 Kf8 22. Nd5 Rc8 23. a4 b4 24. cxb4 Bd4 25. Bxa6 Rb8 26.
Rac1 Bxb2 27. Rc6 h4 28. Rb1 Bd4 29. Rbc1 Kg7 30. Qg4+ Kh7 31. Rc8 Rxc8 32.
Rxc8 Qxc8 33. Bxc8 Bxf2 34. Ne7 Rg6 35. fxg6+ fxg6 36. Qxg6+ Kh8 37. Qh6# {
Black checkmated } 1-0

[Event "ICC tourney 2077 (75 10)"]
[Site "Internet Chess Club"]
[Date "2020.10.25"]
[Round "5"]
[White "DonaldJ"]
[Black "esrosenberg"]
[Result "1/2-1/2"]
[ICCResult "Game drawn by mutual agreement"]
[WhiteElo "2059"]
[BlackElo "2115"]
[Opening "Ruy Lopez: Marshall, main line, 14...Qh3"]
[ECO "C89"]
[NIC "RL.17"]
[Time "14:32:29"]
[PlyCount "62"]
[TimeControl "4500+10"]

1. e4 e5 2. Nf3 Nc6 3. Bb5 a6 4. Ba4 Nf6 5. O-O Be7 6. Re1 b5 7. Bb3 O-O 8.
c3 d5 9. exd5 Nxd5 10. Nxe5 Nxe5 11. Rxe5 c6 12. d4 Bd6 13. Re1 Qh4 14. g3
Qh3 15. Qe2 Bg4 16. Qf1 Qh5 17. Nd2 Nf4 18. gxf4 Bxf4 19. Qg2 Bh3 20. Qf3
Bxh2+ 21. Kh1 Bg4 22. Qg2 Bf4+ 23. Kg1 Bh3 24. Qf3 Qg5+ 25. Kh1 Bg4 26. Qg2
Rae8 27. Ne4 Qh4+ 28. Kg1 Bh3 29. Qf3 Bh2+ 30. Kh1 Bg4 31. Qg2 Bf4+ { Game
drawn by mutual agreement } 1/2-1/2

[Event "ICC tourney 2077 (75 10)"]
[Site "Internet Chess Club"]
[Date "2020.10.25"]
[Round "5"]
[White "GGuseinov"]
[Black "Aleksandrov73"]
[Result "1-0"]
[ICCResult "Black resigns"]
[WhiteElo "2729"]
[BlackElo "2621"]
[Opening "Ruy Lopez: exchange variation, 5.O-O"]
[ECO "C68"]
[NIC "RL.08"]
[Time "14:31:34"]
[PlyCount "63"]
[TimeControl "4500+10"]

1. e4 e5 2. Nf3 Nc6 3. Bb5 a6 4. Bxc6 dxc6 5. O-O Qf6 6. d4 exd4 7. Bg5 Qd6
8. Nxd4 Bd7 9. Nc3 Ne7 10. Qd3 O-O-O 11. Qe3 c5 12. Nb3 b6 13. Rad1 Qe6 14.
f4 g6 15. Qe2 Kb7 16. Nd5 f5 17. Qxa6+ Kxa6 18. Nxc7+ Kb7 19. Nxe6 Bxe6 20.
Rxd8 Nc6 21. Rdd1 fxe4 22. Bf6 Rg8 23. Rfe1 c4 24. Nd4 Bc5 25. c3 Rf8 26.
Be5 Bd5 27. Kh1 Nxe5 28. fxe5 Rf2 29. Re2 Bxd4 30. Rxf2 Bxf2 31. Rxd5 e3
32. e6 { Black resigns } 1-0

[Event "ICC tourney 2077 (75 10)"]
[Site "Internet Chess Club"]
[Date "2020.10.25"]
[Round "5"]
[White "JosephLevine"]
[Black "tcao"]
[Result "1/2-1/2"]
[ICCResult "Black stalemated"]
[WhiteElo "2130"]
[BlackElo "2075"]
[Opening "Réti: King's Indian attack, French variation"]
[ECO "C00"]
[NIC "FR.02"]
[Time "14:31:37"]
[PlyCount "137"]
[TimeControl "4500+10"]

1. e4 e6 2. d3 d5 3. Nd2 c5 4. Ngf3 Nc6 5. g3 Nf6 6. Bg2 Be7 7. O-O O-O 8.
Re1 b6 9. e5 Nd7 10. Nf1 Bb7 11. h4 a5 12. N1h2 b5 13. h5 a4 14. h6 g6 15.
Ng4 b4 16. Bf4 a3 17. b3 Rc8 18. Qd2 Ba8 19. Bg5 Bxg5 20. Nxg5 Nd4 21. Nf3
Nb5 22. Kh2 Qe7 23. Qf4 Nc3 24. Ng1 d4 25. Bxa8 Rxa8 26. Nf3 Nd5 27. Qg5
Qxg5 28. Nxg5 f5 29. exf6 N5xf6 30. Nxf6+ Rxf6 31. f4 e5 32. fxe5 Rf5 33.
e6 Ne5 34. Ne4 Re8 35. Nf6+ Rxf6 36. Rxe5 Rfxe6 37. Rxc5 Re1 38. Rxe1 Rxe1
39. Rc4 Ra1 40. Rxb4 Rxa2 41. Rxd4 Rxc2+ 42. Kh3 a2 43. Ra4 Rb2 44. Ra7
Rxb3 45. Rxa2 Rxd3 46. Ra8+ Kf7 47. Rh8 g5 48. Rxh7+ Kg6 49. Rh8 Rd7 50.
Kg4 Rd4+ 51. Kf3 Rd7 52. Ke4 Rh7 53. Rg8+ Kxh6 54. Kf5 Rf7+ 55. Ke6 Rg7 56.
Rxg7 Kxg7 57. Kf5 Kh6 58. Kf6 Kh5 59. Kf5 Kh6 60. g4 Kh7 61. Kxg5 Kg7 62.
Kf5 Kf7 63. g5 Kg7 64. g6 Kg8 65. Kg5 Kg7 66. Kh5 Kg8 67. Kh6 Kh8 68. g7+
Kg8 69. Kg6 { Black stalemated } 1/2-1/2

[Event "ICC tourney 2077 (75 10)"]
[Site "Internet Chess Club"]
[Date "2020.10.25"]
[Round "5"]
[White "aplusk"]
[Black "dopolian"]
[Result "1/2-1/2"]
[ICCResult "Game drawn by repetition"]
[WhiteElo "2568"]
[BlackElo "2282"]
[Opening "Benoni: fianchetto variation"]
[ECO "A62"]
[NIC "BI.23"]
[Time "14:31:40"]
[PlyCount "74"]
[TimeControl "4500+10"]

1. d4 Nf6 2. c4 c5 3. d5 e6 4. Nc3 exd5 5. cxd5 d6 6. Nf3 g6 7. g3 Bg7 8.
Bg2 O-O 9. O-O Re8 10. Bf4 a6 11. a4 h6 12. Re1 g5 13. Bd2 Bf5 14. h4 g4
15. Nh2 h5 16. Nf1 Nbd7 17. Ne3 Bg6 18. Nc4 Nb6 19. Nxb6 Qxb6 20. e4 Qc7
21. a5 Rab8 22. Bf4 Nd7 23. f3 f5 24. Qc2 gxf3 25. exf5 Bd4+ 26. Kh2 fxg2
27. fxg6 Rxe1 28. Rxe1 g1=Q+ 29. Rxg1 Bxg1+ 30. Kxg1 Nf6 31. Qf5 Qe7 32.
Bxd6 Qe1+ 33. Kg2 Qd2+ 34. Kh3 Qe1 35. Kg2 Qd2+ 36. Kh3 Qe1 37. Kg2 Qd2+ {
Game drawn by repetition } 1/2-1/2

[Event "ICC tourney 2077 (75 10)"]
[Site "Internet Chess Club"]
[Date "2020.10.25"]
[Round "5"]
[White "jy2020"]
[Black "Chessulanru2020"]
[Result "1/2-1/2"]
[ICCResult "Game drawn by mutual agreement"]
[WhiteElo "2230"]
[BlackElo "2249"]
[Opening "Philidor: Improved Hanham variation"]
[ECO "C41"]
[NIC "KP.08"]
[Time "14:31:43"]
[PlyCount "113"]
[TimeControl "4500+10"]

1. e4 e5 2. Nf3 d6 3. d4 Nf6 4. Nc3 Nbd7 5. Bc4 Be7 6. O-O O-O 7. Re1 c6 8.
a4 a5 9. h3 h6 10. Be3 Re8 11. Ba2 Qc7 12. Qd2 Nf8 13. Rad1 Ng6 14. Qc1 Nh5
15. Ne2 Bf8 16. dxe5 dxe5 17. Ng3 Nxg3 18. fxg3 Be6 19. Bxe6 Rxe6 20. Rd3
Rd6 21. Red1 Rad8 22. Rxd6 Rxd6 23. Rxd6 Qxd6 24. Qd2 Qe6 25. b3 f5 26.
Qxa5 fxe4 27. Nd2 Ne7 28. Nxe4 Nd5 29. Qd2 Qg6 30. Qd3 Nb4 31. Qc4+ Kh7 32.
Bc5 Bxc5+ 33. Nxc5 Nxc2 34. Qe2 Nd4 35. Qxe5 Nxb3 36. Nxb3 Qb1+ 37. Kh2
Qxb3 38. Qe4+ Kh8 39. Qe8+ Qg8 40. Qe7 Qc8 41. g4 c5 42. g5 hxg5 43. Qxg5
Qc6 44. Qh4+ Kg8 45. Qc4+ Kf8 46. Qf4+ Kg8 47. Qc4+ Kh7 48. Qh4+ Kg6 49.
Qg4+ Kf6 50. Qf4+ Ke7 51. Qe5+ Kf8 52. Qf4+ Kg8 53. Qc4+ Kh7 54. Qh4+ Kg6
55. Qg4+ Kf6 56. Qf4+ Ke7 57. Qe5+ { Game drawn by mutual agreement }
1/2-1/2

[Event "ICC tourney 2077 (75 10)"]
[Site "Internet Chess Club"]
[Date "2020.10.25"]
[Round "5"]
[White "SkyAngel"]
[Black "WonderZ"]
[Result "1-0"]
[ICCResult "Black resigns"]
[WhiteElo "2166"]
[BlackElo "2107"]
[Opening "Queen's pawn: London system"]
[ECO "A45"]
[NIC "QP.07"]
[Time "14:31:36"]
[PlyCount "93"]
[TimeControl "4500+10"]

1. d4 Nf6 2. Bf4 g6 3. Nc3 d5 4. e3 Bg7 5. f3 c6 6. Qd2 b5 7. g4 a5 8. h4
h5 9. g5 Nfd7 10. Nge2 Nb6 11. b3 a4 12. Nc1 axb3 13. cxb3 Bf5 14. Bd3 Bxd3
15. Nxd3 N8d7 16. Rc1 O-O 17. Ne2 Rc8 18. Kf2 Re8 19. Rc2 f6 20. gxf6 exf6
21. Rg1 Kf7 22. Qc1 Re6 23. Nb4 f5 24. Bg5 Qc7 25. Nf4 Rd6 26. Nfd3 Re6 27.
Nf4 Rd6 28. Nh3 Qb7 29. Bf4 Rf6 30. Be5 Bf8 31. Nd3 Be7 32. Ng5+ Kg8 33.
Bxf6 Bxf6 34. f4 Be7 35. Nf3 Kh7 36. Nde5 Nxe5 37. Nxe5 Bxh4+ 38. Kf3 Nd7
39. Nxg6 Bf6 40. Rh2 Kh6 41. Qf1 Re8 42. Rxh5+ Kg7 43. Ne5+ Kf8 44. Qg2 c5
45. Qg8+ Ke7 46. Rh7+ Kd8 47. Nf7+ { Black resigns } 1-0

[Event "ICC tourney 2077 (75 10)"]
[Site "Internet Chess Club"]
[Date "2020.10.25"]
[Round "5"]
[White "PawnEatingZombi"]
[Black "arsenicblast"]
[Result "1/2-1/2"]
[ICCResult "Black stalemated"]
[WhiteElo "2213"]
[BlackElo "2009"]
[Opening "QGD Slav defense"]
[ECO "D10"]
[NIC "SL.01"]
[Time "14:31:43"]
[PlyCount "99"]
[TimeControl "4500+10"]

1. d4 d5 2. c4 c6 3. Nc3 Nf6 4. e3 g6 5. Nf3 Bg7 6. Bd3 O-O 7. O-O dxc4 8.
Bxc4 Bg4 9. h3 Bxf3 10. Qxf3 Nbd7 11. Rd1 e5 12. d5 e4 13. Nxe4 Nxe4 14.
Qxe4 Nb6 15. Rb1 Nxc4 16. Qxc4 Qd6 17. e4 Rfd8 18. Bg5 Rdc8 19. b3 h6 20.
Be3 cxd5 21. Qxd5 Qe7 22. Rbc1 Rd8 23. Qc4 Re8 24. Rd5 Qe6 25. Qd3 Qxe4 26.
Qxe4 Rxe4 27. Rd7 Ree8 28. Rcc7 Red8 29. Rxb7 Rxd7 30. Rxd7 a5 31. a4 Rb8
32. Rd5 Rxb3 33. Rxa5 g5 34. Ra8+ Kh7 35. a5 f5 36. g3 f4 37. gxf4 gxf4 38.
Bxf4 Bd4 39. Kg2 Kg6 40. Rd8 Bc5 41. Rc8 Bd4 42. Rc4 Ba7 43. Bc7 Rb2 44.
Rc6+ Kg5 45. Bb6 Bxb6 46. axb6 h5 47. h4+ Kxh4 48. Rg6 Rb3 49. f4 Rg3+ 50.
Rxg3 { Black stalemated } 1/2-1/2

[Event "ICC tourney 2077 (75 10)"]
[Site "Internet Chess Club"]
[Date "2020.10.25"]
[Round "5"]
[White "Openyagami"]
[Black "TjkTiger"]
[Result "1/2-1/2"]
[ICCResult "Game drawn because neither player has mating material"]
[WhiteElo "2578"]
[BlackElo "2599"]
[Opening "Grünfeld: exchange, classical variation"]
[ECO "D86"]
[NIC "GI.05"]
[Time "14:32:29"]
[PlyCount "114"]
[TimeControl "4500+10"]

1. d4 Nf6 2. c4 g6 3. Nc3 d5 4. cxd5 Nxd5 5. e4 Nxc3 6. bxc3 Bg7 7. Bc4 c5
8. Ne2 Nc6 9. Be3 O-O 10. h4 cxd4 11. cxd4 Qa5+ 12. Kf1 h5 13. Rb1 Qa3 14.
Nf4 Bg4 15. Qb3 Qxb3 16. Bxb3 Kh7 17. f3 Bd7 18. Ba4 b6 19. Kf2 Rfc8 20.
Rhc1 e5 21. dxe5 Nxe5 22. Bb3 Rxc1 23. Rxc1 Rc8 24. Rd1 Bb5 25. Nh3 Bc4 26.
Bxc4 Nxc4 27. Rd7 Nxe3 28. Kxe3 Rc3+ 29. Kf4 Bh6+ 30. Kg3 Ra3 31. Rxf7+ Kg8
32. Rb7 Rxa2 33. Nf4 Bxf4+ 34. Kxf4 Ra5 35. e5 Kf8 36. Kg5 Rxe5+ 37. Kf6
Re2 38. g4 hxg4 39. fxg4 a5 40. Kxg6 Re6+ 41. Kh5 Re7 42. Rxb6 Ra7 43. Kh6
a4 44. Rb8+ Ke7 45. Kg7 a3 46. Rb1 a2 47. Ra1 Ke6+ 48. Kg6 Ke7 49. h5 Kf8
50. h6 Kg8 51. g5 Ra6+ 52. Kf5 Kh7 53. Ke4 Ra5 54. Kd3 Rxg5 55. Rxa2 Kxh6
56. Ra6+ Rg6 57. Rxg6+ Kxg6 { Game drawn because neither player has mating
material } 1/2-1/2

[Event "ICC tourney 2077 (75 10)"]
[Site "Internet Chess Club"]
[Date "2020.10.25"]
[Round "5"]
[White "Gfprasanna"]
[Black "Yooper"]
[Result "0-1"]
[ICCResult "White resigns"]
[WhiteElo "2126"]
[BlackElo "2044"]
[Opening "Sicilian: Alapin's variation (2.c3)"]
[ECO "B22"]
[NIC "SI.46"]
[Time "14:31:42"]
[PlyCount "146"]
[TimeControl "4500+10"]

1. e4 c5 2. c3 e5 3. Nf3 Nc6 4. Bc4 Qc7 5. d3 Be7 6. Nbd2 Nf6 7. a3 O-O 8.
O-O d6 9. Re1 a6 10. Nf1 b5 11. Bb3 Na5 12. Bc2 c4 13. d4 h6 14. Ne3 Be6
15. Qe2 Nb3 16. Bxb3 cxb3 17. d5 Bd7 18. Nd2 a5 19. Qf3 a4 20. Nf5 Bd8 21.
Nf1 Kh7 22. N1g3 Ng8 23. Qe3 Bg5 24. Qd3 Bf6 25. Qf3 Bd8 26. Qe3 Bg5 27.
Qd3 g6 28. Ne3 Ne7 29. Nef1 f5 30. exf5 gxf5 31. Bxg5 hxg5 32. Qe2 Be8 33.
Qd2 Kg6 34. Qd3 Qc4 35. Qf3 g4 36. Qd1 Qxd5 37. Qxd5 Nxd5 38. Rad1 Bc6 39.
Ne3 Nxe3 40. Rxd6+ Rf6 41. Rxf6+ Kxf6 42. fxe3 Rd8 43. Rf1 f4 44. exf4 e4
45. Re1 Rd2 46. Re2 e3 47. h3 gxh3 48. gxh3 Bd5 49. h4 Rd1+ 50. Kh2 Bc4 51.
Rxe3 Rd2+ 52. Kh3 Rxb2 53. Kg4 Rg2 54. Kf3 Bd5+ 55. Ne4+ Kf5 56. Kxg2 Bxe4+
57. Kf2 b2 58. Re1 Kxf4 59. Ke2 b1=Q 60. Rxb1 Bxb1 61. h5 Kg5 62. Ke3 Ba2
63. Kd4 Bc4 64. Kc5 Kxh5 65. Kd4 Kg4 66. Ke4 Kg3 67. Ke3 Kg2 68. Kd2 Kf1
69. Kd1 Kf2 70. Kd2 Kf3 71. Kc1 Ke2 72. Kc2 Bb3+ 73. Kb2 Kd3 { White
resigns } 0-1

[Event "ICC tourney 2077 (75 10)"]
[Site "Internet Chess Club"]
[Date "2020.10.25"]
[Round "5"]
[White "CoolBoy2020"]
[Black "hoshibosh"]
[Result "0-1"]
[ICCResult "White checkmated"]
[WhiteElo "2194"]
[BlackElo "2175"]
[Opening "Sicilian: Najdorf"]
[ECO "B90"]
[NIC "SI.14"]
[Time "14:31:37"]
[PlyCount "90"]
[TimeControl "4500+10"]

1. e4 c5 2. Nf3 d6 3. d4 cxd4 4. Nxd4 Nf6 5. Nc3 a6 6. Bd3 e5 7. Nb3 Be6 8.
O-O Nbd7 9. h3 b5 10. f4 Be7 11. Qe1 O-O 12. Be3 exf4 13. Bxf4 Ne5 14. Nd4
Rc8 15. Nxe6 fxe6 16. Rd1 Nh5 17. Be3 Rxf1+ 18. Bxf1 Qe8 19. Be2 b4 20. Nb1
Rxc2 21. Rd2 Rc6 22. a3 Nf6 23. Rd4 bxa3 24. Nxa3 d5 25. exd5 exd5 26. Rd1
Ng6 27. Bf3 Re6 28. Nc2 Bc5 29. Kf2 Ne4+ 30. Bxe4 Rxe4 31. Qd2 Bxe3+ 32.
Nxe3 Nf4 33. Re1 Qg6 34. Kf1 Qg3 35. Qc3 Re8 36. Qd2 Rf8 37. Kg1 Nxh3+ 38.
Kh1 Nf2+ 39. Kg1 Qh4 40. Qxd5+ Kh8 41. g3 Qxg3+ 42. Ng2 Ng4 43. Qh5 Qf2+
44. Kh1 Qf1+ 45. Rxf1 Rxf1# { White checkmated } 0-1

[Event "ICC tourney 2077 (75 10)"]
[Site "Internet Chess Club"]
[Date "2020.10.25"]
[Round "6"]
[White "Aleksandrov73"]
[Black "TjkTiger"]
[Result "1/2-1/2"]
[ICCResult "Game drawn by mutual agreement"]
[WhiteElo "2620"]
[BlackElo "2600"]
[Opening "King's Indian: Gligoric-Taimanov system"]
[ECO "E92"]
[NIC "KI.18"]
[Time "18:02:41"]
[PlyCount "20"]
[TimeControl "4500+10"]

1. d4 Nf6 2. c4 g6 3. Nc3 Bg7 4. e4 d6 5. Be2 O-O 6. Nf3 e5 7. Be3 exd4 8.
Nxd4 Re8 9. f3 Nc6 10. O-O Nh5 { Game drawn by mutual agreement } 1/2-1/2